 Dungeon Crawl Stone Soup version 0.20.1-1-g8b1a95d (webtiles) character file.

50258 letownia2 the Reanimator (level 14, 38/120 HPs)
             Began as a Deep Dwarf Necromancer on Nov 27, 2017.
             Was an Initiate of Gozag.
             Quit the game on level 15 of the Dungeon.
             The game lasted 01:12:27 (20503 turns).

letownia2 the Reanimator (Deep Dwarf Necromancer)  Turns: 20503, Time: 01:12:28

Health: 38/120     AC: 13    Str: 14 (15) XL:     14   Next: 19%
Magic:  4/29       EV: 12    Int: 17 (18) God:    Gozag
Gold:   911        SH:  0    Dex: 21      Spells: 20/35 levels left

rFire    . . .     SeeInvis .   a - +4 battleaxe (freeze)
rCold    . . .     Gourm    .   (shield currently unavailable)
rNeg     + . .     Faith    .   C - +1 ring mail {MR+}
rPois    .         Spirit   .   q - +0 helmet of Vekh {Regen+ Dex+8 Stlth-}
rElec    .         Reflect  .   (no cloak)
rCorr    .         Harm     .   L - +0 pair of gloves
MR       ++++.                  x - +1 pair of boots
Stlth    +.........             (no amulet)
Regen    0.0/turn               u - ring of protection from magic
MPRegen  0.3/turn               B - ring of wizardry

@: gold aura, non-regenerating
A: damage resistance, heal wounds, negative energy resistance 1, sense
surroundings 2, no regeneration
a: Heal Wounds, Potion Petition, Call Merchant, Bribe Branch, Renounce Religion


You were on level 15 of the Dungeon.
You worshipped Gozag.
Gozag was pleased with you.
You were not hungry.

You visited 3 branches of the dungeon, and saw 18 of its levels.
You visited 1 bazaar.

You collected 5189 gold pieces.
You spent 842 gold pieces at shops.
You paid 3436 gold pieces to Gozag.

Inventory:

Hand Weapons
 a - a +4 battleaxe of freezing (weapon)
 b - a +0 flail of holy wrath
 K - a +2 longbow of flaming
Missiles
 g - 5 poisoned javelins (quivered)
 h - a throwing net
 Y - 399 arrows
Armour
 o - a +1 chain mail of poison resistance
 q - the +0 helmet of Vekh (worn) {Regen+ Dex+8 Stlth-}
   (You bought it in a shop on level 2 of the Lair of Beasts)

   It affects your dexterity (+8).
   It increases your rate of regeneration.
   It makes you less stealthy.
 x - a +1 pair of boots (worn)
 y - a +0 scale mail of cold resistance
 C - a +1 ring mail of magic resistance (worn)
 G - the +4 skin of Zhor {rC+++}
   (You found it on level 12 of the Dungeon)

   It renders you almost immune to cold.
 L - a +0 pair of gloves (worn)
 X - the +1 plate armour of Omission {+Blink rPois}
   (You found it on level 11 of the Dungeon)

   It protects you from poison.
   It lets you blink.
Magical Staves
 T - an uncursed staff of cold
Jewellery
 u - a ring of protection from magic (left hand)
 v - an uncursed ring of see invisible
 B - a ring of wizardry (right hand)
 M - an uncursed ring of ice
Wands
 k - a wand of paralysis (10/24)
 n - a wand of scattershot (1/9)
 p - a wand of acid (8/15)
 r - a wand of iceblast (7/15)
Scrolls
 e - 3 scrolls of remove curse
 i - 3 scrolls of identify
 s - a scroll of recharging
 R - 3 scrolls of magic mapping
Potions
 d - a potion of invisibility {unknown}
 f - 3 potions of haste
 j - a potion of mutation
 l - a potion of lignification {unknown}
 t - 4 potions of heal wounds
 w - 3 potions of might
 z - a potion of cancellation
 A - 2 potions of magic
 E - a potion of ambrosia {unknown}
 H - 5 potions of curing
 Q - 3 potions of agility
 U - a potion of brilliance {unknown}
Miscellaneous
 N - a phantom mirror
Comestibles
 c - 9 bread rations


   Skills:
 + Level 6.0 Fighting
 - Level 11.3 Axes
 - Level 10.4 Armour
 - Level 2.1 Dodging
 - Level 2.4 Stealth
 - Level 11.1 Spellcasting
 - Level 3.0 Conjurations
 - Level 1.6 Hexes
 - Level 14.0 Necromancy
 - Level 2.2 Fire Magic
 - Level 3.0 Air Magic
 - Level 2.0 Poison Magic
 - Level 4.0 Evocations


You had 20 spell levels left.
You knew the following spells:

 Your Spells              Type           Power        Failure   Level  Hunger
a - Pain                  Necr           ####         1%          1    None
c - Conjure Flame         Conj/Fire      ###.....     5%          3    None
e - Mephitic Cloud        Conj/Pois/Air  ###.....     5%          3    None
p - Poisonous Vapours     Pois/Air       ###...       2%          2    None
v - Vampiric Draining     Necr           ######....   1%          3    None
x - Dazzling Spray        Conj/Hex       ###...       6%          3    None


Dungeon Overview and Level Annotations

Branches:
Dungeon (15/15)            Temple (1/1) D:5            Lair (2/6) D:8
    Orc (0/2) D:11         Vaults (0/5) D:13         Depths (0/5) D:15
  Swamp: Lair:2-4    Shoals: Lair:2-4     Snake: Lair:2-4    Spider: Lair:2-4

Altars:
Ashenzari
Cheibriados
Dithmenos
Elyvilon
Fedhas
Gozag
Hepliaklqana
Kikubaaqudgha
Makhleb
Nemelex Xobeh
Okawaru
Qazlal
Ru
Sif Muna
Trog
Uskayaw
Vehumet
Xom
Yredelemnul
Zin
The Shining One

Shops:
Lair:2 [[([

Annotations:
D:1 DIG
D:3 1 exclusion
D:4 1 exclusion
D:10 Rhok's ghost, journeyman OpGl


Innate Abilities, Weirdness & Mutations

You are resistant to damage.
You can heal yourself by infusing magical energy.
You resist negative energy. (rN+)
You passively map the area around you.
You do not regenerate.


Message History

Aim: a purple ugly thing (heavily wounded)
The purple ugly thing is severely wounded.
You feel life coursing into your body.
The purple ugly thing closely misses you.
Unknown command.
Unknown command.
You hit the purple ugly thing. You freeze the purple ugly thing.
The purple ugly thing is severely wounded.
The purple ugly thing barely misses you.
You hit the purple ugly thing. You freeze the purple ugly thing.
The purple ugly thing is almost dead.
The purple ugly thing barely misses you.
You slash the purple ugly thing! You freeze the purple ugly thing.
You kill the purple ugly thing!
Your Fighting skill increases to level 6!
The purple ugly thing seems less confused.
There is a stone staircase leading up here.
You aren't carrying or standing over any spellbooks.
Unknown command.
Are you sure you want to abandon this character and quit the game? (Confirm with "yes".)

..(.....................#
........................#
..#.....................#
u.#..............<......#
..#.....................#
..#.....................#
u.#....$................#
..#.....................#
..#...........u.@.......#
..#.....................#
..#.....................#
#########################


You could see a purple ugly thing.

Vanquished Creatures
  Nessos (D:12)
  A hydra (D:14)
  Fannar (D:11)
  3 centaur warriors
  8 vault guards (D:13)
  2 death knights
  7 two-headed ogres
  A tengu warrior (D:15)
  An unseen horror (D:13)
  The ghost of vuolankoinen the Covert, a novice OpEn of Elyvilon (D:8)
  2 orc knights (D:15)
  A deep elf mage (D:15)
  A wolf spider zombie (D:13)
  8 ugly things
  3 manticores
  5 cyclopes
  2 orc sorcerers (D:15)
  A black mamba (Lair:1)
  2 centaur zombies
  A spiny frog (Lair:1)
  A gargoyle (D:11)
  2 kobold demonologists
  A redback zombie (D:15)
  2 komodo dragons
  An efreet (D:15)
  A tengu conjurer (D:15)
  2 trolls
  3 blink frogs (Lair:1)
  Grinder (D:6)
  3 hippogriffs
  Sigmund (D:6)
  A shadow (D:15)
  A wyvern (D:8)
  3 wraiths
  2 vampires
  32 yaks
  A human (D:7)
  A yak (shapeshifter) (D:11)
  3 hogs (D:7)
  A basilisk (D:14)
  A hungry ghost (D:13)
  A steam dragon (D:14)
  Menkaure (D:6)
  2 wargs (D:11)
  An acid dragon (D:15)
  3 water moccasins
  2 porcupines (Lair:1)
  6 ice beasts
  4 sky beasts
  18 orc warriors
  2 black bears
  5 ogres
  10 wolves (Lair:1)
  A necrophage (D:12)
  A phantom (D:13)
  28 centaurs
  2 crocodiles
  5 big kobolds
  14 bullfrogs
  4 scorpions
  A water moccasin skeleton (D:6)
  A wyvern skeleton (D:7)
  9 killer bees
  16 wights
  An electric eel (D:7)
  3 howler monkeys
  7 crimson imps
  3 hounds
  6 jellies
  2 bullfrog zombies (D:13)
  A centaur skeleton (D:5)
  14 orc priests
  7 bullfrog skeletons
  25 orc wizards
  4 iguanas
  11 worker ants
  3 worker ant zombies
  4 gnolls (D:5)
  16 adders
  2 howler monkey skeletons
  6 shadow imps
  A worm (D:3)
  2 adder skeletons (D:7)
  An adder zombie (D:5)
  A dart slug (D:4)
  6 leopard geckos
  83 orcs
  2 ball pythons
  7 bats
  9 giant cockroaches
  4 goblins
  8 hobgoblins
  11 jackals
  6 quokkas
  A jackal skeleton (D:6)
  21 kobolds
  2 leopard gecko skeletons
  A quokka skeleton (D:6)
  A quokka zombie (D:5)
  2 rats
  2 plants (D:8)
539 creatures vanquished.

Vanquished Creatures (others)
  A crimson imp (D:5)
  An adder (D:7)
  3 kobolds (D:14)
  3 fungi (Lair:1)
  3 plants
11 creatures vanquished.

Grand Total: 550 creatures vanquished

Notes
Turn   | Place    | Note
-------+----------+-------------------------------------------
     0 | D:1      | letownia2 the Deep Dwarf Necromancer began the quest for the Orb.
     0 | D:1      | Reached XP level 1. HP: 15/15 MP: 3/3
   387 | D:2      | Reached XP level 2. HP: 22/22 MP: 0/5
   421 | D:2      | Found a shadowy altar of Dithmenos.
   633 | D:2      | Reached skill level 5 in Necromancy
   695 | D:2      | Reached XP level 3. HP: 28/28 MP: 3/6
   750 | D:2      | Learned a level 3 spell: Vampiric Draining
   994 | D:4      | Noticed a scorpion
   997 | D:4      | Reached skill level 6 in Necromancy
   997 | D:4      | Reached XP level 4. HP: 32/36 MP: 3/7
  1258 | D:4      | Reached XP level 5. HP: 35/42 MP: 3/8
  1328 | D:4      | Reached skill level 7 in Necromancy
  1377 | D:4      | Found a shimmering altar of Xom.
  1521 | D:4      | Found a sacrificial altar of Ru.
  1760 | D:4      | Reached skill level 8 in Necromancy
  1760 | D:4      | Reached XP level 6. HP: 41/49 MP: 5/9
  1980 | D:5      | Entered Level 5 of the Dungeon
  2145 | D:5      | Found a stormy altar of Qazlal.
  2345 | D:5      | Reached skill level 1 in Fighting
  2390 | D:5      | Found a staircase to the Ecumenical Temple.
  2412 | Temple   | Entered the Ecumenical Temple
  2515 | Temple   | Became a worshipper of Gozag Ym Sagoz the Greedy
  2628 | D:5      | Reached XP level 7. HP: 30/57 MP: 3/11
  2909 | D:3      | Reached skill level 1 in Armour
  4912 | D:6      | Reached skill level 5 in Spellcasting
  4912 | D:6      | Reached XP level 8. HP: 42/67 MP: 0/15
  5037 | D:6      | Noticed a two-headed ogre
  5109 | D:6      | Noticed Grinder
  5146 | D:6      | Killed Grinder
  5344 | D:5      | Reached skill level 9 in Necromancy
  5510 | D:6      | Noticed Menkaure
  5526 | D:6      | Killed Menkaure
  5568 | D:6      | Noticed Sigmund
  5573 | D:6      | Killed Sigmund
  5573 | D:6      | Gained mutation: You passively map the area around you. [Deep Dwarf growth]
  5573 | D:6      | Reached XP level 9. HP: 29/73 MP: 8/20
  6530 | D:7      | Found a stormy altar of Qazlal.
  6531 | D:7      | Found a radiant altar of Vehumet.
  7170 | D:8      | Noticed a two-headed ogre
  7480 | D:8      | Killed a two-headed ogre
  7480 | D:8      | Reached skill level 10 in Spellcasting
  7480 | D:8      | Reached skill level 10 in Necromancy
  7480 | D:8      | Reached XP level 10. HP: 15/80 MP: 11/24
  8127 | D:8      | Reached skill level 1 in Axes
  8200 | D:8      | Learned a level 3 spell: Conjure Flame
  8204 | D:8      | Learned a level 3 spell: Mephitic Cloud
  8207 | D:8      | Learned a level 2 spell: Poisonous Vapours
  8254 | D:8      | Found a staircase to the Lair.
  8311 | D:8      | Noticed vuolankoinen's ghost (novice OpEn)
  8324 | D:8      | Killed vuolankoinen's ghost
  8324 | D:8      | Reached skill level 1 in Conjurations
  8324 | D:8      | Reached skill level 1 in Fire Magic
  8324 | D:8      | Reached skill level 1 in Air Magic
  8324 | D:8      | Reached skill level 1 in Poison Magic
  8531 | D:8      | Got a fine large shield
  8543 | D:8      | Noticed a two-headed ogre
  8603 | D:8      | HP: 3/80 [orc priest/divine providence (5)]
  8609 | D:8      | HP: 1/80 [two-headed ogre/giant spiked club (2)]
  8633 | D:8      | Killed a two-headed ogre
  9459 | D:9      | Learned a level 3 spell: Dazzling Spray
  9473 | D:9      | Noticed a two-headed ogre
  9504 | D:9      | Killed a two-headed ogre
  9504 | D:9      | Reached XP level 11. HP: 65/86 MP: 2/25
 10367 | D:10     | Entered Level 10 of the Dungeon
 10483 | D:10     | Reached skill level 5 in Axes
 10488 | D:10     | Reached skill level 5 in Armour
 10840 | D:10     | Noticed Rhok's ghost (journeyman OpGl)
 11314 | D:11     | Noticed Fannar
 11476 | D:11     | Killed Fannar
 11575 | D:11     | Noticed a two-headed ogre
 11586 | D:11     | Killed a two-headed ogre
 11731 | D:11     | Reached skill level 11 in Necromancy
 12090 | D:11     | Got an ancient plate armour
 12270 | D:11     | Identified the cursed +1 plate armour of Omission {+Blink rPois} (You found it on level 11 of the Dungeon)
 12276 | D:11     | Identified the +0 large shield of the Lizard {rPois Int+4} (You found it on level 8 of the Dungeon)
 12318 | D:11     | Noticed a brown ugly thing
 12325 | D:11     | Killed a brown ugly thing
 12521 | D:11     | Reached XP level 12. HP: 87/97 MP: 6/26
 12635 | D:11     | Found a staircase to the Orcish Mines.
 12749 | D:11     | Reached skill level 1 in Hexes
 12790 | D:11     | Reached skill level 1 in Evocations
 12835 | D:11     | Noticed a two-headed ogre
 12849 | D:11     | Killed a two-headed ogre
 12849 | D:11     | Reached skill level 12 in Necromancy
 13043 | D:12     | You fall through a shaft for 2 floors!
 13576 | D:14     | Found a blossoming altar of Fedhas.
 13885 | D:14     | Noticed a seven-headed hydra
 13893 | D:14     | Killed a seven-headed hydra
 14192 | D:14     | Found a burning altar of Makhleb.
 14192 | D:14     | Noticed a green death
 14488 | D:13     | Found a glowing golden altar of the Shining One.
 14599 | D:13     | Reached skill level 5 in Fighting
 14645 | D:13     | Noticed a centaur warrior
 14656 | D:13     | Killed a centaur warrior
 15044 | D:13     | Noticed a death knight
 15063 | D:13     | Killed a death knight
 15200 | D:12     | Noticed a two-headed ogre
 15221 | D:12     | Killed a two-headed ogre
 15266 | D:12     | Noticed Nessos
 15286 | D:12     | Killed Nessos
 15628 | D:12     | Reached XP level 13. HP: 28/110 MP: 14/27
 16014 | Lair:1   | Entered Level 1 of the Lair of Beasts
 16112 | Lair:1   | HP: 5/110 [yak (2)]
 16132 | Lair:1   | Reached skill level 13 in Necromancy
 16607 | Lair:1   | Reached skill level 10 in Axes
 17208 | Lair:2   | Bought a bloodstained helmet for 218 gold pieces
 17213 | Lair:2   | Identified the +0 helmet of Vekh {Regen+ Dex+8 Stlth-} (You bought it in a shop on level 2 of the Lair of Beasts)
 17899 | D:13     | Found a gate to the Vaults.
 18231 | D:13     | Reached skill level 14 in Necromancy
 19297 | D:15     | Entered Level 15 of the Dungeon
 19675 | D:15     | Found a flickering gateway to a bazaar.
 19730 | D:15     | Gained mutation: You resist negative energy. (rN+) [Deep Dwarf growth]
 19730 | D:15     | Reached XP level 14. HP: 92/117 MP: 14/29
 20073 | D:15     | Found a shimmering altar of Xom.
 20119 | D:15     | Reached skill level 10 in Armour
 20277 | Bazaar   | Entered a bazaar
 20279 | Bazaar   | Found Enuenewu's Magic Scroll Boutique.
 20283 | Bazaar   | Found Zituotuc's Jewellery Boutique.
 20283 | Bazaar   | Found Iveaff's Food Boutique.
 20284 | Bazaar   | Found Vibuok's Gadget Boutique.
 20347 | Bazaar   | Bought a scroll of acquirement for 624 gold pieces
 20503 | D:15     | Quit the game

Skill      XL: |  1  2  3  4  5  6  7  8  9 10 11 12 13 14 |
---------------+-------------------------------------------+-----
Spellcasting   | 2 3 5 7 10 11 | 11.1
Necromancy     | 5 6 8 9 10 11 12 14 | 14.0
Fighting       | 1 2 3 5 6 |  6.0
Armour         | 1 3 5 6 9 10 | 10.4
Axes           | 4 8 9 11 | 11.3
Conjurations   | 2 3 |  3.0
Fire Magic     | 2 |  2.2
Air Magic      | 2 3 |  3.0
Poison Magic   | 2 |  2.0
Hexes          | 1 |  1.6
Evocations     | 4 |  4.0
Dodging        | |  2.1
Stealth        | |  2.4

Action                   |  1- 3 |  4- 6 |  7- 9 | 10-12 | 13-15 || total
-------------------------+-------+-------+-------+-------+-------++-------
Melee: Unarmed           |    25 |       |       |       |       ||    25
       War axe           |       |    46 |    39 |       |       ||    85
       Flail             |       |       |   115 |    29 |       ||   144
       Battleaxe         |       |       |    18 |   397 |   180 ||   595
Throw: Javelin           |       |     2 |     6 |    16 |    10 ||    34
 Cast: Pain              |    42 |    44 |   108 |     5 |    11 ||   210
       Vampiric Draining |       |    18 |    91 |   295 |   204 ||   608
       Mephitic Cloud    |       |       |       |    20 |    18 ||    38
       Conjure Flame     |       |       |       |    40 |    27 ||    67
       Poisonous Vapours |       |       |       |    19 |    10 ||    29
       Dazzling Spray    |       |       |       |       |     1 ||     1
Invok: Potion Petition   |       |       |       |     1 |       ||     1
       Call Merchant     |       |       |       |       |     4 ||     4
Evoke: Wand              |       |       |     3 |    16 |    10 ||    29
  Use: Scroll            |       |       |     5 |     9 |    13 ||    27
       Potion            |       |       |     1 |     1 |     2 ||     4
 Stab: Sleeping          |     1 |     1 |       |       |       ||     2
       Distracted        |       |     1 |     2 |     3 |       ||     6
       Confused          |       |       |       |     5 |     4 ||     9
       Paralysed         |       |       |       |       |     6 ||     6
  Eat: Royal jelly       |     1 |       |     5 |     1 |     5 ||    12
       Chunk             |       |     7 |       |       |       ||     7
       Meat ration       |       |       |     3 |     3 |       ||     6
       Fruit             |       |       |       |     1 |     4 ||     5
       Bread ration      |       |       |       |       |     1 ||     1
Armor: Leather armour    |    13 |    16 |       |       |       ||    29
       Ring mail         |       |     2 |     3 |       |     6 ||    11
       Scale mail        |       |       |   116 |   295 |   179 ||   590
Dodge: Dodged            |    29 |    45 |   162 |   385 |   165 ||   786
